[Event "Titled Tuesday Blitz March 07 Early 2023"]
[White "Nogerbek, Kazybek"]
[Black "Chor, Kevin"]
[WhiteFideId "13710427"]
[BlackFideId "2090740"]
[WhiteElo "2501"]
[BlackElo "2543"]
[Result "1-0"]
[Round "02"]
[TimeControl "180+2"]
[Date "2023.03.07"]
[WhiteClock "0:01:24"]
[BlackClock "0:00:43"]

1. c4 c5 2. Nc3 g6 3. g3 Bg7 4. Bg2 Nc6 5. d3 Nf6 6. e3 Rb8 7. Nge2 O-O 8. a3 d6 9. O-O e5 10. b4 cxb4 11. axb4 Nxb4 12. Rxa7 Qb6 13. Ra1 Bf5 14. e4 Bg4 15. Rb1 Qa5 16. h3 Bxe2 17. Qxe2 Nc6 18. Nb5 Qd8 19. Ba3 Ne8 20. c5 Nd4 21. Nxd4 exd4 22. cxd6 Nxd6 23. e5 Re8 24. Bxd6 Qxd6 25. f4 Qd7 26. Rb6 Re6 27. Rfb1 Rxb6 28. Rxb6 Qf5 29. Kh2 h5 30. Be4 Qc8 31. e6 f5 32. Bd5 Kh7 33. e7 Qc5 34. Rxb7 Rc8 35. Bf7 1-0


[Site "https://www.chess.com"]

[Event "Titled Tuesday Blitz March 07 Early 2023"]
[White "Kuznetsov, Mikhail"]
[Black "Corrales Jimenez, Fidel"]
[WhiteFideId "4117190"]
[BlackFideId "3506690"]
[WhiteElo "1981"]
[BlackElo "2541"]
[Result "0-1"]
[Round "02"]
[TimeControl "180+2"]
[Date "2023.03.07"]
[WhiteClock "0:01:07"]
[BlackClock "0:01:22"]

1. e4 c5 2. Nf3 d6 3. d4 cxd4 4. Nxd4 Nf6 5. Nc3 Nc6 6. Bg5 e5 7. Nb3 Be7 8. Bxf6 Bxf6 9. Nd5 O-O 10. Be2 Bg5 11. O-O g6 12. c3 Kh8 13. Nd2 f5 14. f3 Ne7 15. Nc4 Be6 16. Qd3 Nxd5 17. exd5 Bd7 18. Nxd6 Qb6+ 19. Kh1 Qxd6 20. c4 a5 21. a3 a4 22. b4 axb3 23. Qxb3 b6 24. Qb4 Be7 25. Rfb1 Qxb4 26. axb4 Rxa1 27. Rxa1 Bxb4 28. Ra7 Rd8 29. g4 Kg7 30. c5 Kf6 31. c6 Bc8 32. c7 Rf8 33. Ba6 Bd6 34. Bb7 Ke7 35. Bc6 fxg4 36. fxg4 e4 37. Ra4 Bxc7 38. Rxe4+ Kd6 39. Kg2 Bd7 40. Bxd7 Kxd7 0-1


[Site "https://www.chess.com"]

[Event "Titled Tuesday Blitz March 07 Early 2023"]
[White "polandchessplayer"]
[Black "Garv Gaur"]
[BlackFideId "45030839"]
[WhiteElo "2787"]
[BlackElo "2068"]
[Result "0-1"]
[Round "02"]
[TimeControl "180+2"]
[Date "2023.03.07"]
[WhiteClock "0:00:08"]
[BlackClock "0:00:07"]

1. c4 Nf6 2. Nf3 c5 3. g3 Nc6 4. Bg2 g6 5. O-O Bg7 6. Nc3 O-O 7. d3 d6 8. a3 Bf5 9. Rb1 Nd7 10. Bd2 a5 11. h3 Nde5 12. Nxe5 Bxe5 13. Bh6 Bg7 14. Bxg7 Kxg7 15. e4 Bd7 16. Nb5 Nd4 17. Nxd4 cxd4 18. f4 e5 19. f5 f6 20. Qd2 a4 21. h4 Bc6 22. Bh3 g5 23. hxg5 fxg5 24. Rf2 Qf6 25. Bg4 Be8 26. Rh2 Rh8 27. Bh5 h6 28. Bxe8 Raxe8 29. Qb4 Re7 30. Qxa4 h5 31. Qd1 h4 32. g4 h3 33. Qf3 Qh6 34. Kf2 Kf6 35. Rbh1 Reh7 36. Qg3 Ke7 37. c5 Kf6 38. Rc1 Rc8 39. b4 dxc5 40. bxc5 Rcc7 41. Kg1 Rh8 42. Rb2 Qf8 43. Rbc2 Qa8 44. Kh1 Qxa3 45. c6 b6 46. Qf3 Qd6 47. Qe2 Rhc8 48. Qf3 Rxc6 49. Qxh3 Rxc2 50. Qh6+ Ke7 51. Qg7+ Kd8 52. Qf8+ Qxf8 53. Rxc2 Rxc2 54. Kg1 Qh6 55. Kf1 Qh2 56. Ke1 Qf2+ 57. Kd1 Qe2# 0-1


[Site "https://www.chess.com"]

[Event "Titled Tuesday Blitz March 07 Early 2023"]
[White "Krzyzanowski, Marcin"]
[Black "Turzo, Attila"]
[WhiteFideId "1132199"]
[BlackFideId "704954"]
[WhiteElo "2471"]
[BlackElo "2539"]
[Result "1-0"]
[Round "02"]
[TimeControl "180+2"]
[Date "2023.03.07"]
[WhiteClock "0:00:09"]
[BlackClock "0:00:04"]

1. e4 c5 2. Nf3 Nc6 3. Bb5 g6 4. O-O Bg7 5. c3 e5 6. d4 exd4 7. cxd4 cxd4 8. Bf4 Nge7 9. Nbd2 a6 10. Ba4 b5 11. Bb3 d6 12. a4 Rb8 13. axb5 axb5 14. Re1 O-O 15. Bd5 Ne5 16. Nb3 Nxd5 17. exd5 Nxf3+ 18. Qxf3 Bf5 19. Na5 Ra8 20. Nc6 Rxa1 21. Rxa1 Qd7 22. Ra7 Qe8 23. Ne7+ Kh8 24. h3 Qb8 25. Nc6 Qb6 26. Bxd6 Re8 27. g4 d3 28. gxf5 d2 29. Be7 gxf5 30. Qd3 Bh6 31. Kf1 Kg8 32. Qg3+ Bg7 33. Qd3 Bh6 34. Kg2 b4 35. Qg3+ Bg7 36. Bf6 1-0


[Site "https://www.chess.com"]

[Event "Titled Tuesday Blitz March 07 Early 2023"]
[White "Rodchenkov, Sergey D."]
[Black "Real_OceanStorm"]
[WhiteFideId "4168712"]
[WhiteElo "2277"]
[BlackElo "2779"]
[Result "1/2-1/2"]
[Round "02"]
[TimeControl "180+2"]
[Date "2023.03.07"]
[WhiteClock "0:00:09"]
[BlackClock "0:00:04"]

1. e4 c5 2. Nf3 Nc6 3. d4 cxd4 4. Nxd4 g6 5. c4 Nf6 6. Nc3 Bg7 7. Be3 O-O 8. Be2 b6 9. O-O Bb7 10. f3 d6 11. Rc1 Nxd4 12. Bxd4 Rc8 13. Qd2 Re8 14. b3 Qd7 15. a4 Red8 16. Rfd1 Nh5 17. Be3 f5 18. Nd5 fxe4 19. fxe4 e6 20. Nc3 Be5 21. Bxh5 gxh5 22. Bd4 Qg7 23. Bxe5 Qxe5 24. Qd4 Qg5 25. Qd2 Qg6 26. Qf4 e5 27. Qg3 Qxg3 28. hxg3 Rc7 29. Rd2 Rg7 30. Kh2 Rg4 31. Re1 Rd7 32. b4 Kf7 33. c5 Ke6 34. Red1 Bxe4 35. Rxd6+ Rxd6 36. Rxd6+ Ke7 37. Nxe4 Rxe4 38. Rh6 Rxb4 39. Rxh7+ Kf6 40. cxb6 axb6 41. Rxh5 e4 42. Rb5 Rxa4 43. Rxb6+ Ke5 44. Kg1 Kd4 45. Kf2 Ra2+ 46. Ke1 e3 47. Rd6+ Ke5 48. Rd8 Rxg2 49. Re8+ Kd4 50. Rd8+ Ke4 51. Re8+ Kf3 52. Rf8+ Ke4 53. Re8+ Kd3 54. Rd8+ Kc4 55. Re8 Kd3 56. Rd8+ Kc3 57. Rc8+ Kd3 58. Rd8+ 1/2-1/2


[Site "https://www.chess.com"]

[Event "Titled Tuesday Blitz March 07 Early 2023"]
[White "Fier, Alexandr"]
[Black "Derjabin, Ilja"]
[WhiteFideId "2107139"]
[BlackFideId "14104768"]
[WhiteElo "2610"]
[BlackElo "2309"]
[Result "0-1"]
[Round "02"]
[TimeControl "180+2"]
[Date "2023.03.07"]
[WhiteClock "0:01:56"]
[BlackClock "0:01:37"]

1. e4 e6 2. d4 d5 3. Nd2 c5 4. exd5 exd5 5. dxc5 Bxc5 6. Bb5+ Nc6 7. Ngf3 Bxf2+ 8. Kxf2 Qb6+ 9. Ke1 Qxb5 10. Qe2+ Qxe2+ 11. Kxe2 Nf6 12. Nb3 Bg4 13. c3 O-O-O 14. Rd1 Rhe8+ 15. Kf1 h6 16. Bf4 g5 17. Bg3 Ne4 18. Be1 f5 19. Rac1 Ne5 20. Nbd4 Nc4 21. Bf2 Nxb2 22. c4 Nxd1 23. Rxd1 Nxf2 24. Kxf2 Bxf3 0-1


[Site "https://www.chess.com"]

[Event "Titled Tuesday Blitz March 07 Early 2023"]
[White "Mikhailovsky, Vladimir"]
[Black "Olenik Campa, Rudi"]
[WhiteFideId "34105414"]
[BlackFideId "14633264"]
[WhiteElo "2293"]
[BlackElo "2249"]
[Result "1-0"]
[Round "02"]
[TimeControl "180+2"]
[Date "2023.03.07"]
[WhiteClock "0:00:06"]
[BlackClock "0:00:14"]

1. e4 c5 2. c3 Nf6 3. e5 Nd5 4. Nf3 Nc6 5. Bc4 Nb6 6. Bb3 d5 7. exd6 exd6 8. O-O Be7 9. d4 cxd4 10. Nxd4 O-O 11. Re1 d5 12. Bf4 Bg5 13. Bg3 Bf6 14. Nb5 d4 15. Nd6 Be7 16. Nb5 Bf6 17. Qf3 dxc3 18. N1xc3 Nd4 19. Nxd4 Qxd4 20. Ne4 Be7 21. Nd6 Bxd6 22. Rad1 Bg4 23. Rxd4 Bxf3 24. Bxd6 Bc6 25. Bxf8 Kxf8 26. h3 a5 27. a3 a4 28. Ba2 g6 29. g4 Ra5 30. Rf4 Nd5 31. Rf3 Ra7 32. Re5 Ra5 33. Bc4 Rc5 34. Bxd5 Rxd5 35. Rxd5 Bxd5 36. Rd3 Bc6 37. Re3 f6 38. f3 Kf7 39. Kf2 h5 40. Kg3 hxg4 41. fxg4 g5 42. h4 gxh4+ 43. Kxh4 Kg6 44. Re6 Bd5 45. Rd6 Bc6 46. g5 Kf5 47. Rxf6+ Ke5 1-0


[Site "https://www.chess.com"]

[Event "Titled Tuesday Blitz March 07 Early 2023"]
[White "Zarnicki, Pablo"]
[Black "Boyer, Mahel"]
[WhiteFideId "100137"]
[BlackFideId "45102422"]
[WhiteElo "2468"]
[BlackElo "2439"]
[Result "0-1"]
[Round "02"]
[TimeControl "180+2"]
[Date "2023.03.07"]
[WhiteClock "0:00:09"]
[BlackClock "0:00:27"]

1. e4 e6 2. d3 d5 3. Qe2 Be7 4. Nf3 Nf6 5. g3 b6 6. e5 Nfd7 7. Bg2 c5 8. c4 Bb7 9. cxd5 Bxd5 10. Nc3 Nf8 11. Nxd5 exd5 12. d4 Ne6 13. dxc5 bxc5 14. O-O Nc6 15. Rd1 O-O 16. h4 Rb8 17. b3 a5 18. Ne1 Ned4 19. Qg4 Nxe5 20. Qh5 Bf6 21. Rd2 Re8 22. Ba3 Qb6 23. Bxd5 Rbd8 24. Bc4 g6 25. Qd1 Nxc4 26. bxc4 Rxe1+ 27. Qxe1 Nf3+ 28. Kh1 Nxe1 29. Rxd8+ Qxd8 30. Rxe1 Bd4 31. Kg2 h5 32. Bc1 Qa8+ 33. f3 Qa6 34. Bg5 Qxc4 35. Re4 Qxa2+ 36. Kh3 a4 37. g4 a3 38. gxh5 Qe6+ 39. Rxe6 fxe6 0-1


[Site "https://www.chess.com"]

[Event "Titled Tuesday Blitz March 07 Early 2023"]
[White "Hambleton, Aman"]
[Black "Manukyan, Sargis V."]
[WhiteFideId "2606577"]
[BlackFideId "13303465"]
[WhiteElo "2511"]
[BlackElo "2236"]
[Result "0-1"]
[Round "02"]
[TimeControl "180+2"]
[Date "2023.03.07"]
[WhiteClock "0:00:02"]
[BlackClock "0:01:23"]

1. d4 Nf6 2. Bf4 g6 3. Nc3 Bg7 4. e4 d5 5. e5 Ne4 6. Nxe4 dxe4 7. Bc4 O-O 8. Ne2 c5 9. O-O Nc6 10. c3 cxd4 11. cxd4 Bg4 12. h3 Bxe2 13. Qxe2 Qxd4 14. Rad1 Qc5 15. Rd5 Qb4 16. Rb5 Qa4 17. Qxe4 e6 18. Rxb7 Na5 19. Rc7 Rac8 20. Rxc8 Rxc8 21. b3 Qxa2 22. h4 Nxc4 23. bxc4 Qxc4 24. Qxc4 Rxc4 25. Be3 a5 26. f4 Bh6 27. g3 Bf8 28. Rd1 Rc8 29. Ra1 Ra8 30. Ra4 Bb4 31. Kf2 Kg7 32. Kf3 h5 33. Ke4 Rc8 34. Ra2 Rc4+ 35. Kd3 Rc3+ 36. Ke4 Rc8 37. Bd4 Kf8 38. Kd3 Ke7 39. Ke4 Kd7 40. Be3 Rc4+ 41. Kd3 Rc3+ 42. Ke4 Kc6 43. Bf2 Kb5 44. Be3 a4 45. Ra1 a3 46. Rb1 Ka4 47. Bd4 Rxg3 48. Be3 a2 49. Ra1 Kb3 50. Rd1 Rxe3+ 51. Kxe3 Bc3 52. f5 gxf5 53. Kf4 a1=Q 54. Re1 Qxe1 0-1


[Site "https://www.chess.com"]

[Event "Titled Tuesday Blitz March 07 Early 2023"]
[White "Bilan, Danila"]
[Black "Lorparizangeneh, Shahin"]
[WhiteFideId "24161918"]
[BlackFideId "12521604"]
[WhiteElo "2182"]
[BlackElo "2526"]
[Result "0-1"]
[Round "02"]
[TimeControl "180+2"]
[Date "2023.03.07"]
[WhiteClock "0:00:02"]
[BlackClock "0:00:39"]

1. d4 d5 2. Nf3 Nf6 3. c4 e6 4. Nc3 Bb4 5. Qb3 c5 6. e3 Nc6 7. Bd2 cxd4 8. Nxd4 Nxd4 9. exd4 Bxc3 10. bxc3 O-O 11. Bd3 b6 12. cxd5 Qxd5 13. Qxd5 exd5 14. f3 a5 15. Rb1 Ba6 16. Bxa6 Rxa6 17. Ke2 Ne8 18. Bf4 Nf6 19. Kd3 Rd8 20. Bg5 Rd6 21. Rhe1 Kf8 22. Bxf6 gxf6 23. a4 Ra7 24. Rec1 Re7 25. Re1 Rc7 26. Rb3 Rc4 27. Ra3 Re6 28. Rb1 Rcc6 29. Rb5 Rcd6 30. Rab3 f5 31. Rb2 f4 32. c4 Re3+ 33. Kc2 dxc4 34. Rxb6 Rxd4 35. Kb1 c3 36. Rc2 Rxa4 37. Rb8+ Kg7 38. Rc8 Re1+ 39. Rc1 Ra1+ 40. Kxa1 Rxc1+ 41. Ka2 Rc2+ 42. Kb3 Rxg2 43. Rxc3 Rxh2 44. Rc4 Rh6 45. Rxf4 Rf6 46. Rg4+ Kf8 47. f4 h5 48. Rg5 Rh6 0-1


[Site "https://www.chess.com"]

[Event "Titled Tuesday Blitz March 07 Early 2023"]
[White "Atakhan, Abtin"]
[Black "Garakov, Mikhael"]
[WhiteFideId "22502203"]
[BlackFideId "4169034"]
[WhiteElo "2008"]
[BlackElo "2347"]
[Result "1-0"]
[Round "02"]
[TimeControl "180+2"]
[Date "2023.03.07"]
[WhiteClock "0:00:06"]
[BlackClock "0:00:04"]

1. c4 Nf6 2. Nc3 c5 3. Nf3 b6 4. e4 d6 5. d4 cxd4 6. Nxd4 Bb7 7. f3 e6 8. Be2 Be7 9. O-O O-O 10. Be3 a6 11. Qd2 Nbd7 12. Rfd1 Rc8 13. Rac1 Qc7 14. Kh1 Qb8 15. Bf1 Rfe8 16. a3 Bd8 17. Re1 Bc7 18. Bg1 d5 19. cxd5 Bf4 20. Be3 Bxh2 21. dxe6 fxe6 22. f4 Bg3 23. Red1 Nc5 24. e5 Nfe4 25. Qc2 Nxc3 26. bxc3 Be4 27. Qa2 Qb7 28. Ne2 Qe7 29. Nxg3 Qh4+ 30. Kg1 Qxg3 31. Qf2 Qg6 32. Rd6 Bd5 33. f5 Qg4 34. Qf4 Qxf4 35. Bxf4 Ne4 36. Rxb6 exf5 37. c4 Be6 38. Rxa6 g5 39. Be3 Rcd8 40. c5 f4 41. Rxe6 Rxe6 42. Bc4 fxe3 43. Bxe6+ Kg7 44. c6 e2 45. Bg4 Nc3 46. c7 1-0


[Site "https://www.chess.com"]

[Event "Titled Tuesday Blitz March 07 Early 2023"]
[White "Decuigniere, Tom"]
[Black "Mahdavi, Reza"]
[WhiteFideId "26093820"]
[BlackFideId "12595926"]
[WhiteElo "2312"]
[BlackElo "2208"]
[Result "0-1"]
[Round "02"]
[TimeControl "180+2"]
[Date "2023.03.07"]
[WhiteClock "0:00:01"]
[BlackClock "0:00:41"]

1. c4 e5 2. g3 c6 3. Nf3 e4 4. Nd4 d5 5. cxd5 Qxd5 6. e3 Bc5 7. Nc3 Qe5 8. d3 exd3 9. Qxd3 Nf6 10. Bg2 O-O 11. O-O Rd8 12. Nf3 Rxd3 13. Nxe5 Rd8 14. a3 a5 15. Na4 Ba7 16. Nc4 Nbd7 17. Nd6 Nc5 18. Nxc8 Nxa4 19. Nxa7 Rxa7 20. e4 Raa8 21. Bg5 Rd3 22. e5 Nd7 23. Rfe1 Re8 24. Be4 Rd4 25. Bc2 Nab6 26. Be3 Rd5 27. f4 Nc4 28. Bf2 Rd2 29. Bf5 Nf8 30. b3 Nb2 31. Ra2 g6 32. Be3 Rd1 33. Rxd1 Nxd1 34. Bh3 Nxe3 0-1


[Site "https://www.chess.com"]

[Event "Titled Tuesday Blitz March 07 Early 2023"]
[White "Leenhouts, Koen"]
[Black "Smirnov, Pavel"]
[WhiteFideId "1008439"]
[BlackFideId "4123425"]
[WhiteElo "2409"]
[BlackElo "2519"]
[Result "0-1"]
[Round "02"]
[TimeControl "180+2"]
[Date "2023.03.07"]
[WhiteClock "0:00:05"]
[BlackClock "0:01:21"]

1. d4 Nf6 2. c4 e6 3. Nc3 Bb4 4. Qc2 O-O 5. Nf3 d5 6. cxd5 exd5 7. Bg5 h6 8. Bh4 c5 9. dxc5 Be6 10. e3 Nbd7 11. Be2 Rc8 12. O-O Rxc5 13. Nd4 Bxc3 14. bxc3 Qc8 15. Qa4 a6 16. Rfc1 Rxc3 17. Rxc3 Qxc3 18. Rb1 Nc5 19. Qd1 Nfe4 20. Be7 Re8 21. Bxc5 Nxc5 22. Rc1 Qa3 23. Bf3 Nd3 24. Rb1 Nc5 25. Rc1 b6 26. Rb1 b5 27. Rc1 Na4 28. Nxe6 fxe6 29. h4 Qxa2 30. Rc7 Qb2 31. Bh5 Rf8 32. Qg4 Qf6 33. f3 Qa1+ 34. Kh2 Qe5+ 35. Qg3 Qxg3+ 36. Kxg3 b4 37. Rb7 a5 38. Bg4 Re8 39. Rb5 Nc3 40. Rb6 a4 41. Rxb4 a3 42. Rb3 a2 43. Ra3 Kf7 44. Ra7+ Kf6 45. Ra8 Rxa8 0-1


[Site "https://www.chess.com"]

[Event "Titled Tuesday Blitz March 07 Early 2023"]
[White "Costachi, Mihnea"]
[Black "Kokoszczynski, Jan"]
[WhiteFideId "1217518"]
[BlackFideId "1174460"]
[WhiteElo "2456"]
[BlackElo "2139"]
[Result "1-0"]
[Round "02"]
[TimeControl "180+2"]
[Date "2023.03.07"]
[WhiteClock "0:00:20"]
[BlackClock "0:00:01"]

1. Nc3 d5 2. d4 Nf6 3. Bf4 e6 4. e3 c5 5. Nf3 Be7 6. Be2 O-O 7. O-O b6 8. h3 Bb7 9. Nb5 Nc6 10. a4 a6 11. Na3 Rc8 12. c3 Bd6 13. dxc5 Bxf4 14. exf4 bxc5 15. Bd3 Qb6 16. Qe2 Rfd8 17. Ne5 Ne7 18. Rfd1 g6 19. Ng4 Nxg4 20. hxg4 Qd6 21. f5 Re8 22. f6 Nc6 23. Bxa6 Bxa6 24. Qxa6 Qf4 25. Nb5 Ne5 26. g3 Qxf6 27. Nd6 Nxg4 28. Qe2 Ne5 29. Nxc8 Rxc8 30. a5 Ra8 31. a6 h5 32. Kg2 h4 33. Rh1 hxg3 34. fxg3 Qg5 35. Rh4 Nd7 36. Rah1 Nf8 37. Rf4 Kg7 38. Rhf1 Ra7 39. Qf2 f5 40. Qxc5 Rxa6 41. Qd4+ Kg8 42. Rh1 Ra8 43. Qh8+ Kf7 44. Rh7+ Nxh7 45. Qxa8 Nf8 46. Qa7+ Kg8 47. Qd4 Qh5 48. Rh4 Qe2+ 49. Qf2 Qd1 50. Rh1 Qd3 51. Re1 Qb5 52. Qe2 Kf7 53. Qxb5 e5 54. Qb7+ 1-0


[Site "https://www.chess.com"]

[Event "Titled Tuesday Blitz March 07 Early 2023"]
[White "Pulpan, Jakub"]
[Black "Fernandez Garcia, Gumersindo"]
[WhiteFideId "302759"]
[BlackFideId "24516740"]
[WhiteElo "2484"]
[BlackElo "2093"]
[Result "1-0"]
[Round "02"]
[TimeControl "180+2"]
[Date "2023.03.07"]
[WhiteClock "0:00:06"]
[BlackClock "0:00:12"]

1. Nf3 Nf6 2. b3 d6 3. d4 e5 4. dxe5 dxe5 5. Qxd8+ Kxd8 6. Nxe5 Be6 7. e3 Bb4+ 8. Bd2 Bxd2+ 9. Nxd2 Nbd7 10. Nxd7 Nxd7 11. Bc4 Ke7 12. Bxe6 Kxe6 13. Ke2 a5 14. a4 b6 15. Rhd1 Ne5 16. Nf3 Nxf3 17. Kxf3 h5 18. Rd3 Rad8 19. Rad1 Rxd3 20. Rxd3 Rh6 21. h4 Ke7 22. g3 Rf6+ 23. Ke2 Rc6 24. c3 g6 25. e4 Rc5 26. Ke3 Rc6 27. f3 Re6 28. Rd5 Rc6 29. Kd4 Rf6 30. f4 c6 31. Re5+ Kd7 32. Rg5 Rd6+ 33. Kc4 Rd1 34. f5 Re1 35. Kd3 Rd1+ 36. Ke2 Rb1 37. fxg6 fxg6 38. Rxg6 Rxb3 39. Kd3 Rb1 40. Kd4 Ra1 41. Ke5 Rxa4 42. Rg7+ Ke8 43. Kf5 Rc4 44. e5 Rxc3 45. Ke6 Kf8 46. Rb7 b5 47. Kd6 b4 48. Rb8+ Kg7 49. e6 Rd3+ 50. Ke5 Re3+ 51. Kd6 Rd3+ 52. Ke5 Rd5+ 53. Ke4 Kf6 54. Rb6 Kxe6 55. Rxc6+ Rd6 56. Rc5 Rb6 57. Rxh5 b3 58. Rh6+ Kd7 59. Rxb6 a4 60. Rb4 Kc6 61. Rxa4 Kb5 62. Ra8 1-0


[Site "https://www.chess.com"]

[Event "Titled Tuesday Blitz March 07 Early 2023"]
[White "Cherniaiev, Tykhon"]
[Black "Arencibia Monduy, Antonio"]
[WhiteFideId "14182360"]
[BlackFideId "3507939"]
[WhiteElo "2450"]
[BlackElo "2521"]
[Result "1-0"]
[Round "02"]
[TimeControl "180+2"]
[Date "2023.03.07"]
[WhiteClock "0:00:20"]
[BlackClock "0:00:03"]

1. Nf3 Nf6 2. d4 e6 3. c4 d5 4. Nc3 Be7 5. Bg5 Ne4 6. Bxe7 Qxe7 7. cxd5 Nxc3 8. bxc3 exd5 9. e3 c6 10. Be2 O-O 11. O-O b6 12. c4 dxc4 13. Bxc4 Be6 14. Bd3 Nd7 15. Rc1 Rac8 16. Qa4 c5 17. Qxa7 Ra8 18. Qb7 Rfb8 19. Qe4 Nf6 20. Qh4 Rxa2 21. Bxh7+ Kf8 22. Bb1 Kg8 23. Bxa2 Bxa2 24. dxc5 bxc5 25. Qg5 Rc8 26. Rfd1 Be6 27. h3 Qc7 28. Qe5 Qxe5 29. Nxe5 Kf8 30. Nd3 c4 31. Nf4 Ke7 32. Nxe6 Kxe6 33. Rd4 c3 34. Rd3 Nd5 35. Rc2 Ke5 36. f4+ Ke6 37. Kf2 f5 38. g4 g6 39. Kf3 Rc4 40. Rd4 Rc5 41. e4 fxe4+ 42. Rxe4+ Kd6 43. Rd4 Kc6 44. Ke4 Nf6+ 45. Kd3 Nd5 46. Rc4 Rxc4 47. Kxc4 Ne3+ 48. Kxc3 Nxc2 49. Kxc2 Kd5 50. Kd3 1-0


[Site "https://www.chess.com"]

[Event "Titled Tuesday Blitz March 07 Early 2023"]
[White "Sharapov, Evgeny"]
[Black "Lortkipanidze, Nodar"]
[WhiteFideId "14103133"]
[BlackFideId "13604058"]
[WhiteElo "2367"]
[BlackElo "2336"]
[Result "1-0"]
[Round "02"]
[TimeControl "180+2"]
[Date "2023.03.07"]
[WhiteClock "0:00:13"]
[BlackClock "0:00:29"]

1. e4 c5 2. Nf3 d6 3. d4 cxd4 4. Nxd4 Nf6 5. f3 g6 6. c4 Bg7 7. Nc3 O-O 8. Be3 Nc6 9. Be2 Bd7 10. O-O Nxd4 11. Bxd4 Bc6 12. Qd2 Nd7 13. Be3 Re8 14. b4 b6 15. Rac1 Rc8 16. Rfd1 Qc7 17. Nd5 Qb8 18. Bg5 Kf8 19. h4 Ne5 20. h5 b5 21. h6 Bh8 22. f4 Nxc4 23. Bxc4 bxc4 24. Rxc4 Bxd5 25. Qxd5 Qb6+ 26. Kh2 Rxc4 27. Qxc4 Qf2 28. Rf1 Qd2 29. Bh4 Bd4 30. Bg3 Qc3 31. Qxc3 Bxc3 32. b5 Bd4 33. Rc1 Bc5 34. a4 f5 35. e5 Kf7 36. Rc2 Ke6 37. exd6 Bxd6 38. Rc6 Kd7 39. Ra6 Bb8 40. Bf2 Bxf4+ 41. g3 Bd6 42. Rxa7+ Ke6 43. a5 Kd5 44. a6 f4 45. gxf4 g5 46. Kg2 gxf4 47. b6 Rg8+ 48. Kf1 Kc6 49. b7 Rb8 50. Ra8 Kc7 51. Ba7 Rxb7 52. axb7 Kxb7 53. Rh8 Kxa7 54. Rxh7 Kb6 55. Rf7 Be5 56. h7 Kc5 57. Rf5 Kd4 58. Rxe5 Kxe5 59. h8=Q+ Ke4 60. Kf2 e5 61. Qh7+ Kd4 62. Kf3 e4+ 63. Qxe4+ 1-0


[Site "https://www.chess.com"]

[Event "Titled Tuesday Blitz March 07 Early 2023"]
[White "Nasuta, Grzegorz"]
[Black "Petukhov, Dmitry"]
[WhiteFideId "1141686"]
[BlackFideId "4142748"]
[WhiteElo "2449"]
[BlackElo "2311"]
[Result "0-1"]
[Round "02"]
[TimeControl "180+2"]
[Date "2023.03.07"]
[WhiteClock "0:01:12"]
[BlackClock "0:00:32"]

1. e4 c5 2. Nf3 d6 3. d4 cxd4 4. Nxd4 Nf6 5. Nc3 Nc6 6. f3 e5 7. Nb3 Be7 8. Be3 O-O 9. Qd2 Be6 10. O-O-O a5 11. Bb5 Qc7 12. Kb1 Rfc8 13. g4 Nd7 14. Nd5 Bxd5 15. exd5 a4 16. Nc1 Nd4 17. Bxd4 exd4 18. Bxd7 Qxd7 19. a3 Bf6 20. Nd3 Rc4 21. g5 Be7 22. Qf4 Rac8 23. Nb4 d3 24. Qd2 dxc2+ 25. Nxc2 Rxc2 26. Qxc2 Rxc2 27. Kxc2 Bxg5 28. Kb1 h6 29. Rhe1 Bf4 30. Re4 Bxh2 31. f4 Qf5 32. Rd4 Bxf4 33. Ka2 Be5 34. Rxa4 h5 35. Rab4 g5 36. Re2 Qf3 37. Rd2 Bf4 38. Rdd4 h4 39. Rb3 Qg2 0-1


[Site "https://www.chess.com"]

[Event "Titled Tuesday Blitz March 07 Early 2023"]
[White "Sztokbant, Bernardo Vainzoff"]
[Black "Vishnu, Prasanna. V"]
[WhiteFideId "2115956"]
[BlackFideId "5030692"]
[WhiteElo "2222"]
[BlackElo "2468"]
[Result "1-0"]
[Round "02"]
[TimeControl "180+2"]
[Date "2023.03.07"]
[WhiteClock "0:00:24"]
[BlackClock "0:01:25"]

1. e4 e5 2. Nf3 Nc6 3. Bb5 Nf6 4. O-O Nxe4 5. d4 Nd6 6. Bxc6 dxc6 7. dxe5 Nf5 8. Qxd8+ Kxd8 9. Nc3 Be7 10. h3 Ke8 11. b3 a5 12. Bb2 h5 13. a4 h4 14. Ne2 Be6 15. Nf4 Bd5 16. Nxd5 cxd5 17. Rad1 Rd8 18. Rfe1 Rh6 19. Kf1 Rc6 20. Re2 Re6 21. Nd4 Nxd4 22. Rxd4 f6 23. Rxh4 fxe5 24. Rh8+ Kf7 25. Rxd8 Bxd8 26. Rxe5 Rd6 27. Ke2 c6 28. g4 g6 29. Re3 Bg5 30. Be5 Rd8 31. f4 Be7 32. Bc7 Ra8 33. Kd3 Bc5 34. Rf3 Bb4 35. f5 g5 36. c3 Bc5 37. Be5 b5 38. h4 gxh4 39. g5 Re8 40. g6+ Kg8 41. Bd4 Bxd4 42. Kxd4 Kg7 43. Kc5 bxa4 44. bxa4 Re4 45. f6+ Kxg6 46. f7 1-0


[Site "https://www.chess.com"]

[Event "Titled Tuesday Blitz March 07 Early 2023"]
[White "Rozman, Levy"]
[Black "Berthier, Hugo"]
[WhiteFideId "2039877"]
[BlackFideId "655864"]
[WhiteElo "2376"]
[BlackElo "2193"]
[Result "1-0"]
[Round "02"]
[TimeControl "180+2"]
[Date "2023.03.07"]
[WhiteClock "0:00:29"]
[BlackClock "0:00:18"]

1. e4 e5 2. Nf3 Nc6 3. c3 d5 4. Qa4 dxe4 5. Nxe5 Bd7 6. Nxd7 Qxd7 7. Qxe4+ Be7 8. d4 Nf6 9. Qf3 O-O 10. Be2 Rfe8 11. O-O Bd6 12. h3 Ne7 13. Bg5 Ned5 14. Nd2 h6 15. Bxf6 Nxf6 16. Rfe1 c6 17. Bd3 Rxe1+ 18. Rxe1 Re8 19. Re2 Rxe2 20. Qxe2 Nd5 21. Qe4 Nf6 22. Qf3 Kf8 23. Bc4 Qe7 24. Kf1 Kg8 25. a4 a6 26. a5 Bc7 27. b4 Qd6 28. Ne4 Nxe4 29. Qxf7+ Kh7 30. Bd3 Qf4 31. Qxf4 Bxf4 32. Bxe4+ Kg8 33. Ke2 Kf8 34. d5 Be5 35. dxc6 bxc6 36. Kd3 c5 37. Bb7 cxb4 38. cxb4 Ke7 39. Bxa6 Kd6 40. Bb7 Kc7 41. Be4 Bd6 42. Kc4 Bf4 43. b5 Bd2 44. b6+ Kb8 45. a6 1-0


[Site "https://www.chess.com"]

[Event "Titled Tuesday Blitz March 07 Early 2023"]
[White "Fernandez Guillen, Ernesto J."]
[Black "Orzech, Dominik"]
[WhiteFideId "3512428"]
[BlackFideId "1115065"]
[WhiteElo "2423"]
[BlackElo "2260"]
[Result "1-0"]
[Round "02"]
[TimeControl "180+2"]
[Date "2023.03.07"]
[WhiteClock "0:00:39"]
[BlackClock "0:02:00"]

1. e4 c6 2. d4 d5 3. e5 c5 4. dxc5 e6 5. a3 Bxc5 6. Qg4 Bf8 7. b4 Nc6 8. Bb2 Nge7 9. Nf3 Ng6 10. h4 h5 11. Qg3 Qc7 12. Bd3 Nge7 13. Nc3 a6 14. O-O g6 15. Rad1 Bg7 16. Rfe1 O-O 17. Ne2 Nf5 18. Bxf5 exf5 19. Nf4 Ne7 20. Bd4 Qxc2 21. Bc5 Re8 22. Bxe7 Rxe7 23. Nxd5 Rd7 24. Nf6+ Bxf6 25. Rxd7 Bxd7 26. exf6 Qc4 27. Qg5 Kh7 28. Re7 Bc6 29. Ne5 Bd5 30. Qxg6+ 1-0


[Site "https://www.chess.com"]

[Event "Titled Tuesday Blitz March 07 Early 2023"]
[White "Aradhya, Garg"]
[Black "Kislov, Oleg"]
[WhiteFideId "25006746"]
[BlackFideId "13503774"]
[WhiteElo "2263"]
[BlackElo "2186"]
[Result "1/2-1/2"]
[Round "02"]
[TimeControl "180+2"]
[Date "2023.03.07"]
[WhiteClock "0:00:15"]
[BlackClock "0:00:07"]

1. d4 Nf6 2. c4 e6 3. Nf3 d5 4. Nc3 Bb4 5. cxd5 exd5 6. Bg5 h6 7. Bh4 g5 8. Bg3 Ne4 9. Nd2 Nxc3 10. bxc3 Bd6 11. e3 c6 12. Bd3 Be6 13. a4 Qc7 14. Rb1 b6 15. O-O Nd7 16. e4 O-O-O 17. e5 Be7 18. Qe2 h5 19. h3 h4 20. Bh2 Rdg8 21. f3 c5 22. a5 c4 23. axb6 cxd3 24. b7+ Qxb7 25. Qxd3 Nb6 26. f4 gxf4 27. Bxf4 Kb8 28. Rb2 Rc8 29. Be3 Rhg8 30. Nf3 Bxh3 31. e6 Bxe6 32. Bf4+ Ka8 33. Ra1 h3 34. g3 Rgd8 35. Rba2 Bd6 36. Kh2 Bxf4 37. gxf4 Qb8 38. Rxa7+ Qxa7 39. Rxa7+ Kxa7 40. f5 Bd7 41. Ne5 Be8 42. Kxh3 Nc4 43. f6 Nxe5 44. dxe5 Rc4 45. Kg3 Bb5 46. Qe3+ Kb7 47. e6 Re4 48. Qc5 Rg8+ 49. Kf2 Rxe6 50. Qxb5+ Kc7 51. Qc5+ Kb8 52. Qb5+ Kc7 53. Qc5+ Kb8 54. Qb5+ Kc7 1/2-1/2


[Site "https://www.chess.com"]